 Dungeon Crawl Stone Soup version 0.28.0 (webtiles) character file.

Game seed: 9819434829287817727

1505 themarg the Caller (level 8, -13/54 HPs)
             Began as a Merfolk Summoner on Feb 11, 2022.
             Mangled by Duvessa (17 damage)
             ... on level 4 of the Dungeon.
             The game lasted 00:35:04 (7625 turns).

themarg the Caller (Merfolk Summoner)               Turns: 7625, Time: 00:35:08

Health: -13/54     AC:  4    Str: 16    XL:     8   Next: 82%
Magic:  12/17      EV: 13    Int: 15    God:
Gold:   231        SH:  0    Dex: 14    Spells: 8/19 levels left

rFire   . . .      SeeInvis .   y - +0 trident
rCold   . . .      Faith    .   (no shield)
rNeg    . . .      Spirit   .   a - +0 robe
rPois   .          Reflect  .   x - +0 helmet
rElec   .          Harm     .   (no cloak)
rCorr   +          Rampage  .   (no gloves)
Will    .....                   b - +0 pair of boots
Stlth   +++.......              (no amulet)
HPRegen 0.18/turn               p - +6 ring of strength
MPRegen 0.15/turn               t - ring of resist corrosion

@: no status effects
A: (nimble swimmer 2), mertail
a: no special abilities


You were on level 4 of the Dungeon.
You visited 1 branch of the dungeon, and saw 5 of its levels.

You collected 231 gold pieces.

Inventory:

Hand Weapons
 g - a +0 short sword
 y - a +0 trident (weapon)
Missiles
 c - 246 stones
 B - 4 javelins
Armour
 a - a +0 robe (worn)
 b - a +0 pair of boots (worn)
 x - a +0 helmet (worn)
Jewellery
 p - a +6 ring of strength (left hand)
 t - a ring of resist corrosion (right hand)
Wands
 v - a wand of mindburst (5)
 z - a wand of iceblast (8)
Scrolls
 e - 4 scrolls of immolation {unknown}
 f - a scroll of blinking {unknown}
 h - 3 scrolls of vulnerability {unknown}
 i - 5 scrolls of magic mapping {unknown}
 j - 3 scrolls of identify {unknown}
 l - a scroll of teleportation {unknown}
 m - a scroll of amnesia {unknown}
 r - 2 scrolls of enchant armour {unknown}
 u - 2 scrolls of noise {unknown}
 w - a scroll of fog {unknown}
Potions
 d - 4 potions of curing {unknown}
 k - 2 potions of flight {unknown}
 n - a potion of haste {unknown}
 o - a potion of lignification {unknown}
 q - a potion of mutation {unknown}
 s - a potion of might {unknown}
 A - a potion of magic {unknown}


   Skills:
 + Level 1.4 Fighting
 + Level 1.6 Short Blades
 + Level 4.1 Polearms
 + Level 3.7 Dodging
 + Level 4.3 Stealth
 + Level 6.1 Spellcasting
 + Level 2.7 Hexes
 + Level 7.0 Summonings


You had 8 spell levels left.
You knew the following spells:

 Your Spells              Type           Power      Damage    Failure   Level
a - Summon Small Mammal   Summ           100%       N/A       1%          1
b - Call Canine Familiar  Summ           25%        N/A       2%          3
c - Summon Guardian Gole  Hex/Summ       19%        N/A       6%          3
d - Summon Lightning Spi  Summ/Air       15%        N/A       32%         4

Your spell library contained the following spells:

 Spells                   Type           Power      Damage    Failure   Level
 Call Imp                 Summ           25%        N/A       1%          2


Dungeon Overview and Level Annotations

Branches:
Dungeon (5/15)
 Temple: D:4-7

Altars:
Dithmenos
Fedhas
Gozag
Wu Jian

Shops:
D:1 *:[

Annotations:
D:4 Duvessa


Innate Abilities, Weirdness & Mutations

((You are very nimble when in or above water. (Stealth+, EV+, Speed+++)))
Your lower body shifts to a powerful aquatic tail in water.


Message History

Duvessa screams, "No!
How DARE you!"
Duvessa goes berserk!
Duvessa is engulfed in blazing flames.
You climb upwards.
Your summoned ally is left behind.
There is a stone staircase leading down here.
You start resting.
Magic restored.
You start resting.
HP restored.
You climb downwards.
Level annotation: Duvessa Duvessa hits you with a +0 short sword!!
Duvessa hits you with a +0 short sword!
There is a stone staircase leading up, spattered with blood here.
Casting: Summon Guardian Golem (dangerous; 6% risk of failure)
Confirm with . or Enter, or press ? or * to list all spells.
Duvessa hits you with a +0 short sword! Duvessa barely misses you. x2
You climb upwards.
Your summoned ally is left behind.
There is a stone staircase leading down here.
Casting: Call Canine Familiar (dangerous; 2% risk of failure)
Confirm with . or Enter, or press ? or * to list all spells.
Duvessa closely misses you. Duvessa barely misses you.
Your hound barely misses Duvessa.
Duvessa rages.
Duvessa hits you with a +0 short sword!!
* * * LOW HITPOINT WARNING * * *
Okay, then.
Okay, then.
Aiming: Mindburst
Press: ? - help, Shift-Dir - straight line, f - Duvessa
Aim: Duvessa, wielding a +0 short sword and wearing a +0 ring mail (heavily wounded, berserk, ally target, chance to affect: 47%)
Okay, then.
Aiming: Mindburst
Press: ? - help, Shift-Dir - straight line, f - Duvessa
Aim: Duvessa, wielding a +0 short sword and wearing a +0 ring mail (heavily wounded, berserk, ally target, chance to affect: 47%) Duvessa's mind is blasted!
Duvessa barely misses you.
Your hound closely misses Duvessa.
Duvessa hits you with a +0 short sword!
You die...

.......# #.#.........#####.....
.#<##### #.#...................
.### #..##.####........#### .#
##.##.# #........# .# #..#.#
#........# .# #..#.# #........#
.# #....# #........# .# #.#..#
#........# .# #...@#
#........#### .# #.#.e#
#............ .######
#.#.h###########..... #.....#
#...>......# #.....
#.....#########''###########.....
#.....##................#........
#.....##................#.#######
#.(...##..♣♣♣♣....♣♣♣♣..#.#
.......#..♣ ♣....♣ ♣..#.#


You could see Duvessa (berserk, ally target) and a friendly hound (summoned).

Vanquished Creatures
  Grinder (D:4)
  A scorpion (D:5)
  An adder (D:3)
  An ufetubus (D:4)
  2 dart slugs
  6 endoplasms
  3 giant cockroaches
  10 goblins
  7 hobgoblins
  3 jackals (D:1)
  2 quokkas
  2 ball pythons (D:4)
  3 bats
  A frilled lizard (D:1)
  3 kobolds
  2 rats (D:2)
48 creatures vanquished.

Vanquished Creatures (collateral kills)
  A yak (D:5)
  An ogre (D:4)
  A phantom (D:4)
  Blork the orc (D:5)
  A scorpion (D:5)
  Dowan (D:5)
  A jelly (D:4)
  A hound (D:5)
  An orc priest (D:5)
  A gnoll shaman (D:4)
  Jessica (D:2)
  A hound skeleton (D:5)
  7 adders
  A shadow imp (D:5)
  3 dart slugs
  3 orcs
  4 ball pythons
  A bat (D:1)
  2 endoplasms
  A giant cockroach (D:3)
  5 goblins
  3 hobgoblins
  5 jackals
  A quokka (D:2)
  2 frilled lizards
  5 kobolds
  2 rats
57 creatures vanquished.

Vanquished Creatures (others)
  3 yaks (D:5)
3 creatures vanquished.

Grand Total: 108 creatures vanquished

Notes
Turn   | Place    | Note
-------+----------+-------------------------------------------
     0 | D:1      | themarg the Merfolk Summoner began the quest for the Orb.
     0 | D:1      | Reached XP level 1. HP: 13/13 MP: 3/3
   260 | D:1      | Reached XP level 2. HP: 19/19 MP: 1/5
   345 | D:1      | Found Qiecoylu's Antique Armour Shoppe.
   665 | D:1      | Found Juucute's General Store.
   808 | D:1      | Found Giskuis's Book Emporium.
  1144 | D:1      | Reached XP level 3. HP: 4/24 MP: 6/6
  2207 | D:2      | Found an opulent altar of Gozag.
  2425 | D:2      | Noticed Jessica
  2885 | D:2      | Killed Jessica
  2886 | D:2      | Reached XP level 4. HP: 30/30 MP: 3/7
  3074 | D:2      | Learned a level 3 spell: Call Canine Familiar
  3078 | D:2      | Learned a level 3 spell: Summon Guardian Golem
  4223 | D:3      | Reached XP level 5. HP: 32/35 MP: 6/9
  4596 | D:3      | Reached skill level 1 in Short Blades
  4832 | D:4      | Reached skill level 5 in Summonings
  5086 | D:4      | Reached skill level 1 in Hexes
  5086 | D:4      | Reached XP level 6. HP: 42/42 MP: 5/11
  5430 | D:4      | Found a shadowy altar of Dithmenos.
  5576 | D:4      | Reached skill level 1 in Polearms
  5916 | D:5      | Entered Level 5 of the Dungeon
  5916 | D:5      | Noticed Grinder
  5919 | D:5      | Paralysed by Grinder for 4 turns
  5931 | D:5      | Paralysed by Grinder for 7 turns
  5989 | D:4      | Killed Grinder
  5990 | D:4      | Reached skill level 1 in Fighting
  5990 | D:4      | Reached XP level 7. HP: 44/48 MP: 2/13
  6151 | D:5      | Learned a level 4 spell: Summon Lightning Spire
  6251 | D:5      | Noticed Duvessa
  6354 | D:5      | Found an ornate altar of the Wu Jian Council.
  6355 | D:5      | Found a blossoming altar of Fedhas.
  6656 | D:5      | Reached skill level 6 in Summonings
  6795 | D:5      | Noticed Blork the orc
  6810 | D:5      | Killed Blork the orc
  6811 | D:5      | Reached XP level 8. HP: 54/54 MP: 10/15
  6859 | D:5      | Noticed a yak
  6859 | D:5      | Noticed a yak
  6860 | D:5      | Noticed a yak
  6860 | D:5      | Noticed a yak
  6920 | D:5      | Killed a yak
  6921 | D:5      | Reached skill level 5 in Spellcasting
  6923 | D:5      | Killed a yak
  7261 | D:5      | Killed a yak
  7295 | D:5      | Killed a yak
  7296 | D:5      | Reached skill level 7 in Summonings
  7486 | D:5      | Noticed Dowan
  7503 | D:5      | Killed Dowan
  7625 | D:4      | Mangled by Duvessa

Illustrated notes

Levels and vault maps discovered:
D:1:      dpeg_arrival_stone_temple_mockup, layout_basic, serial_shops, shop,
          shop, nicolae_shop_crystal, minmay_tromino_v7
D:2:      layout_loops_corners, basic_altar, nicolae_figureground_pulse,
          uniq_jessica
D:3:      layout_rooms, glass_columns_a, corexii_hall_statues_u,
          minmay_goblin_outpost
D:4:      layout_basic, nicolae_dithmenos_the_darkroom,
          minmay_misc_feat_four_crosses, kennysheep_dice
D:5:      layout_layer_cave, gammafunk_temple_overflow_statue,
          grunt_ministairs_3, uniq_grinder, uniq_blork_the_orc, uniq_duvessa

Skill      XL: |  1  2  3  4  5  6  7  8 |
---------------+-------------------------+-----
Dodging        | 3 |  3.7
Stealth        | 3 4 |  4.3
Spellcasting   | 3 4 6 |  6.1
Short Blades   | 1 |  1.6
Summonings     | 5 6 7 |  7.0
Hexes          | 1 2 |  2.7
Polearms       | 2 3 4 |  4.1
Fighting       | 1 |  1.4

Action                   |  1- 3 |  4- 6 |  7- 9 || total
-------------------------+-------+-------+-------++-------
Melee: Whip              |     6 |       |       ||     6
       Short sword       |    59 |    99 |       ||   158
       Punch             |     1 |     3 |       ||     4
       Tailslap          |       |     1 |       ||     1
       Trident           |       |    27 |    25 ||    52
 Cast: Summon Small Mamm |    46 |    27 |       ||    73
       Call Canine Famil |       |    15 |    18 ||    33
       Summon Guardian G |       |     6 |    12 ||    18
Evoke: Wand              |       |       |     1 ||     1
 Stab: Sleeping          |     6 |    10 |       ||    16
       Distracted        |     1 |       |     1 ||     2
Armor: Robe              |    16 |    12 |     1 ||    29
Dodge: Dodged            |    53 |   111 |    10 ||   174
